 Dungeon Crawl Stone Soup version 0.26-a0-712-ga5a9c9c9d0 (webtiles) character file.

Game seed: 4625772450723496223

15453 Chiseanne the Fighter (level 12, -7/100 HPs)
             Began as a Demonspawn Wanderer on Oct 31, 2020.
             Was an Initiate of Gozag.
             Mangled by a komodo dragon (21 damage)
             ... on level 13 of the Dungeon.
             The game lasted 00:41:49 (14565 turns).

Chiseanne the Fighter (Demonspawn Wanderer)        Turns: 14565, Time: 00:41:50

Health: -7/100     AC: 19    Str: 17    XL:     12   Next: 1%
Magic:  12/12      EV: 13    Int: 22    God:    Gozag
Gold:   1065       SH:  5    Dex: 16    Spells: 11/11 levels left

rFire    . . .     SeeInvis .   d - +0 scimitar (flame)
rCold    + . .     Faith    .   h - +0 buckler
rNeg     . . .     Spirit   .   J - +1 chain mail of the Orb {Int+3 Dex+2 Stlth+} (curse)
rPois    .         Reflect  .   (helmet restricted)
rElec    .         Harm     .   (no cloak)
rCorr    +         Rampage  .   v - +1 pair of gloves
MR       .....                  (no boots)
Stlth    ..........             Q - amulet of magic regeneration
HPRegen  0.26/turn              I - ring of wizardry
MPRegen  0.38/turn              B - +6 ring of intelligence

@: gold aura
A: horns 2, yellow scales 3, cold resistance 1, powered by death 2, freezing
cloud immunity
a: Potion Petition, Call Merchant, Bribe Branch, Renounce Religion


You were on level 13 of the Dungeon.
You worshipped Gozag.
Gozag was most pleased with you.
You visited 2 branches of the dungeon, and saw 14 of its levels.
You also visited: Ossuary.

You collected 2300 gold pieces.
You spent 1049 gold pieces at shops.
You paid 186 gold pieces to Gozag.

Inventory:

Hand Weapons
 a - a +4 spectral quarterstaff
 d - a +0 scimitar of flaming (weapon)
 q - a +0 morningstar
 s - a +2 dagger of venom
 w - a +0 hunting sling
 z - a +5 broad axe of pain
 F - a +4 hand axe of freezing
Missiles
 o - 34 poisoned darts
 r - 107 bolts
 u - 18 boomerangs (quivered)
 x - 99 sling bullets
 L - 10 silver boomerangs
 M - 5 curare-tipped darts
 O - 3 throwing nets
Armour
 h - a +0 buckler (worn)
 v - a +1 pair of gloves (worn)
 J - the cursed +1 chain mail of the Orb (worn) {Int+3 Dex+2 Stlth+}
   (You found it on level 8 of the Dungeon)

   It affects your intelligence (+3).
   It affects your dexterity (+2).
   It makes you more stealthy.
   It has a curse placed upon it.
 N - a +1 robe of resistance
Jewellery
 g - an uncursed ring of fire
 m - an uncursed ring of flight
 B - a +6 ring of intelligence (right hand)
 I - a ring of wizardry (left hand)
 Q - an amulet of magic regeneration (around neck)
Wands
 b - a wand of acid (8)
 e - a wand of flame (39)
 i - a wand of disintegration (7)
Scrolls
 c - 8 scrolls of teleportation
 j - a scroll of immolation
 t - 5 scrolls of remove curse
 y - 10 scrolls of magic mapping
 C - a scroll of fear
 D - a scroll of blinking
 G - 12 scrolls of identify
Potions
 k - 2 potions of flight
 l - a potion of resistance
 A - a potion of heal wounds
 E - 5 potions of stabbing
 H - a potion of curing
 P - a potion of mutation


   Skills:
 - Level 11.3 Fighting
 * Level 2.4 Axes
 - Level 1.0 Staves
 * Level 10.6 Armour
 - Level 10.1 Dodging
 - Level 1.0 Stealth
 * Level 2.8 Shields
 - Level 1.0 Evocations


You had 11 spell levels left.
You didn't know any spells.
Your spell library contained the following spells:

 Spells                   Type           Power        Failure   Level
 Freeze                   Ice            #...         54%         1
 Confusing Touch          Hex            #.......     88%         3
 Gell's Gravitas          Tloc           #.........   88%         3
 Petrify                  Tmut/Erth      #.......     99%         4
 Metabolic Englaciation   Hex/Ice        #.........   100%        5
 Yara's Violent Unravell  Hex/Tmut       #.........   100%        5


Dungeon Overview and Level Annotations

Branches:
Dungeon (13/15)            Temple (1/1) D:7             Orc (0/2) D:9
Ossuary (visited)
   Lair: D:8-11      Vaults: D:13-14

Altars:
Ashenzari
Cheibriados
Dithmenos
Elyvilon
Fedhas
Gozag
Hepliaklqana
Kikubaaqudgha
Makhleb
Nemelex Xobeh
Okawaru
Qazlal
Ru
Sif Muna
Trog
Uskayaw
Vehumet
Wu Jian
Xom
Yredelemnul
Zin
The Shining One

Shops:
D:4 (*::?   D:7 ?   D:9 ?

Annotations:
D:7 2 transporters, Riddle's ghost, novice BaVM
D:10 exclusion: upstairs


Innate Abilities, Weirdness & Mutations

You have a pair of horns on your head.
You are completely covered in yellow scales. (AC +4, rCorr)
Your flesh is cold resistant. (rC+)
You regenerate health from kills.
You are immune to freezing clouds.


Message History

* * * LOW HITPOINT WARNING * * *
You slash the komodo dragon! You burn the komodo dragon.
The komodo dragon is severely wounded.
The komodo dragon becomes distracted by the nearby gold, dreaming of imaginary riches.
The ogre becomes distracted by the nearby gold, dreaming of imaginary riches.
The ogre shouts!
The komodo dragon hisses angrily.
You hit the komodo dragon but do no damage.
The komodo dragon is no longer distracted by gold.
The komodo dragon is severely wounded.
The ogre is no longer distracted by gold.
The komodo dragon bites you!
* * * LOW HITPOINT WARNING * * *
You hit the komodo dragon but do no damage.
The komodo dragon is severely wounded.
The hornet is no longer distracted by gold.
The komodo dragon closely misses you.
The white imp becomes distracted by the nearby gold, dreaming of imaginary riches.
The komodo dragon bites you!!
You die...
Your body crumbles into a pile of gold.

###...#######.#.# #.#.#.#
# ##......#...#.######.
..#.
###.).###..............
.#.#(## ###.###.######.
#.##)# #.# #.# #.#. #.##)#
..###.# ....
#...........#...# ##.##
..#.
#...####....#.#.####O.....
# ..### ##..#.#.@l555.....
.## .#.######y..... . #.
..[8. . #. y... #. ... $
#. $ O. . $


You could see a komodo dragon, a hornet, an ogre, 2 white imps and an ufetubus.

Vanquished Creatures
  Harold (D:11)
  A hydra (D:13)
  Erica (D:11)
  A centaur warrior (D:13)
  2 skeletal warriors (D:11)
  Pikel (D:7)
  Joseph (D:7)
  Psyche (D:8)
  A gargoyle (D:11)
  3 trolls
  A meliai zombie (D:13)
  2 centaur simulacra (D:13)
  8 yaks
  2 wyverns
  2 humans (D:9)
  2 wraiths
  An acid dragon (D:12)
  5 ice beasts
  7 sky beasts
  2 orc warriors
  3 black bears
  4 centaurs
  2 ogres
  A phantom (D:6)
  A lemure (D:6)
  4 big kobolds
  A gnoll sergeant (D:11)
  7 bullfrogs
  A wyvern skeleton (D:6)
  2 scorpions
  A water moccasin skeleton (D:5)
  27 killer bees
  14 wights
  A vampire bat (D:5)
  6 howler monkeys
  7 hounds
  3 centaur skeletons
  4 jellies
  5 orc priests
  7 orc wizards
  3 bullfrog skeletons
  Ijyb (D:4)
  4 iguanas
  8 worker ants
  A bullfrog simulacrum (D:13)
  A hound zombie (D:7)
  8 mummies (Ossuary)
  15 gnolls
  13 adders
  2 white imps
  3 ufetubi
  3 adder skeletons
  7 worms
  2 dart slugs
  A leopard gecko (D:1)
  42 orcs
  17 bats
  6 giant cockroaches
  A gnoll zombie (Ossuary)
  6 goblins
  3 hobgoblins
  19 jackals
  3 quokkas
  2 ball pythons
  3 frilled lizards
  2 hobgoblin zombies (Ossuary)
  A jackal zombie (D:7)
  31 kobolds
  A kobold zombie (Ossuary)
  A leopard gecko skeleton (D:8)
  4 orc zombies (Ossuary)
  6 rats
  5 rat zombies (D:6)
371 creatures vanquished.

Vanquished Creatures (others)
  An orc (D:3)
1 creature vanquished.

Grand Total: 372 creatures vanquished

Notes
Turn   | Place    | Note
-------+----------+-------------------------------------------
     0 | D:1      | Chiseanne the Demonspawn Wanderer began the quest for the
                  | Orb.
     0 | D:1      | Chiseanne set off with the following items: a +2
                  | quarterstaff, a +0 ring mail, a scroll of teleportation
     0 | D:1      | Reached XP level 1. HP: 18/18 MP: 1/1
   240 | D:1      | Gained mutation: You have a pair of small horns on your
                  | head. [demonic ancestry]
   240 | D:1      | Reached XP level 2. HP: 24/24 MP: 2/2
   515 | D:2      | Gained mutation: Your flesh is cold resistant. (rC+)
                  | [demonic ancestry]
   515 | D:2      | Reached XP level 3. HP: 14/29 MP: 3/3
  1015 | D:2      | Found a bloodstained altar of Trog.
  1228 | D:2      | Gained mutation: You regenerate a little health from kills.
                  | [demonic ancestry]
  1228 | D:2      | Reached XP level 4. HP: 37/37 MP: 4/4
  1633 | D:3      | Noticed a centaur
  1645 | D:3      | Killed a centaur
  1645 | D:3      | Reached skill level 4 in Fighting
  1645 | D:3      | Gained mutation: You are partially covered in yellow
                  | scales. (AC +2) [demonic ancestry]
  1645 | D:3      | Reached XP level 5. HP: 7/42 MP: 5/5
  2161 | D:3      | Found a basalt altar of Yredelemnul.
  2166 | D:3      | Found a glowing golden altar of the Shining One.
  2168 | D:3      | Noticed an angel
  2323 | D:4      | Found a burning altar of Makhleb.
  2384 | D:4      | Found Qeluol's Book Shop.
  2385 | D:4      | Found Ezum's General Store.
  2385 | D:4      | Found Otzo's Magic Scroll Shop.
  2395 | D:4      | Found Watotz's Book Shop.
  2588 | D:4      | Found Mezimil's Antique Weapon Shoppe.
  2602 | D:4      | Reached XP level 6. HP: 42/49 MP: 6/6
  2653 | D:4      | Noticed Ijyb
  2666 | D:4      | Killed Ijyb
  2977 | D:4      | Found a shadowy altar of Dithmenos.
  2990 | D:4      | Found a hide-covered altar of Uskayaw.
  3097 | D:4      | Found a shimmering blue altar of Sif Muna.
  3123 | D:4      | Identified Sif Muna's Guide on the Snowflakes
  3198 | D:5      | Entered Level 5 of the Dungeon
  3219 | D:5      | Found a hazy altar of Hepliaklqana.
  3230 | D:5      | Reached skill level 5 in Fighting
  3272 | D:5      | Gained mutation: You are immune to freezing clouds.
                  | [demonic ancestry]
  3272 | D:5      | Reached XP level 7. HP: 13/56 MP: 7/7
  3565 | D:5      | Found a glowing golden altar of the Shining One.
  3620 | D:5      | Found a sand-covered staircase.
  3634 | Ossuary  | Entered an ossuary
  4184 | D:5      | Found a radiant altar of Vehumet.
  4201 | D:5      | Reached skill level 6 in Fighting
  4201 | D:5      | Reached skill level 5 in Armour
  4547 | D:5      | Gained mutation: You are mostly covered in yellow scales.
                  | (AC +3) [demonic ancestry]
  4547 | D:5      | Reached XP level 8. HP: 62/64 MP: 8/8
  4584 | D:5      | Found an ornate altar of the Wu Jian Council.
  4698 | D:5      | Found a broken altar of Ashenzari.
  4739 | D:5      | Reached skill level 5 in Dodging
  5949 | D:6      | Found an ancient bone altar of Kikubaaqudgha.
  6005 | D:6      | Reached skill level 7 in Fighting
  6457 | D:6      | Gained mutation: You regenerate health from kills. [demonic
                  | ancestry]
  6457 | D:6      | Reached XP level 9. HP: 68/72 MP: 9/9
  6540 | D:7      | Found a transporter.
  6540 | D:7      | Noticed Riddle's ghost (novice BaVM)
  6541 | D:7      | Noticed a moth of wrath
  6555 | D:7      | Found a transporter.
  6625 | D:7      | Noticed Joseph
  6643 | D:7      | Killed Joseph
  6730 | D:7      | Found a staircase to the Ecumenical Temple.
  6750 | Temple   | Entered the Ecumenical Temple
  6786 | Temple   | Became a worshipper of Gozag Ym Sagoz the Greedy
  6841 | D:7      | Noticed Pikel
  6867 | D:7      | Killed Pikel
  6867 | D:7      | Reached skill level 8 in Fighting
  6884 | D:7      | Found Wababez's Magic Scroll Shoppe.
  6893 | D:7      | Bought a scroll of identify for 26 gold pieces
  6893 | D:7      | Bought a scroll of identify for 26 gold pieces
  6893 | D:7      | Bought a scroll of identify for 26 gold pieces
  7026 | D:4      | Bought a scroll of identify for 26 gold pieces
  7026 | D:4      | Bought a scroll of identify for 26 gold pieces
  7026 | D:4      | Bought a scroll of identify for 26 gold pieces
  7026 | D:4      | Bought 2 scrolls of identify for 52 gold pieces
  7069 | D:4      | Bought a runed broad axe for 140 gold pieces
  7109 | D:4      | Bought a potion of curing for 30 gold pieces
  7109 | D:4      | Bought a scroll of teleportation for 30 gold pieces
  7490 | D:8      | Noticed Psyche
  7502 | D:8      | Killed Psyche
  7541 | D:8      | Got a bronze chain mail
  7624 | D:8      | Identified the cursed +1 chain mail of the Orb {Int+3 Dex+2
                  | Stlth+} (You found it on level 8 of the Dungeon)
  7794 | D:8      | Reached skill level 9 in Fighting
  7794 | D:8      | Gained mutation: You have a pair of horns on your head.
                  | [demonic ancestry]
  7794 | D:8      | Reached XP level 10. HP: 69/83 MP: 10/10
  8107 | D:4      | Bought a scroll of teleportation for 39 gold pieces
  8107 | D:4      | Bought a scroll of enchant weapon for 97 gold pieces
  8107 | D:4      | Bought a scroll of enchant weapon for 97 gold pieces
  8107 | D:4      | Bought a scroll of holy word for 97 gold pieces
  8564 | D:9      | Found a staircase to the Orcish Mines.
  8777 | D:9      | Found an iron altar of Okawaru.
  9468 | D:9      | Found Quolon Noggo's Magic Scroll Shoppe.
  9536 | D:9      | Bought a scroll of magic mapping for 45 gold pieces
  9536 | D:9      | Bought a scroll of teleportation for 39 gold pieces
  9536 | D:9      | Bought a scroll of enchant weapon for 97 gold pieces
  9536 | D:9      | Bought a scroll of teleportation for 39 gold pieces
  9536 | D:9      | Bought a scroll of teleportation for 39 gold pieces
  9536 | D:9      | Bought 2 scrolls of identify for 52 gold pieces
  9543 | D:9      | Found a sparkling altar of Nemelex Xobeh.
  9793 | D:10     | Entered Level 10 of the Dungeon
 10377 | D:10     | Reached skill level 10 in Fighting
 10478 | D:9      | Found a sparkling altar of Nemelex Xobeh.
 10990 | D:10     | Reached XP level 11. HP: 69/91 MP: 11/11
 11949 | D:11     | Noticed a skeletal warrior
 11949 | D:11     | Noticed a skeletal warrior
 12022 | D:11     | Noticed Erica
 12037 | D:11     | Killed Erica
 12958 | D:11     | Noticed Harold
 12973 | D:11     | Killed Harold
 13142 | D:11     | Reached skill level 11 in Fighting
 13225 | D:11     | Killed a skeletal warrior
 13225 | D:11     | Reached skill level 10 in Armour
 13225 | D:11     | Reached skill level 10 in Dodging
 13477 | D:11     | Noticed a skeletal warrior
 13508 | D:11     | Killed a skeletal warrior
 13611 | D:11     | Noticed a skeletal warrior
 13611 | D:11     | Noticed a skeletal warrior
 13702 | D:12     | Noticed a boulder beetle
 13711 | D:12     | Noticed a skeletal warrior
 13714 | D:12     | Noticed a skeletal warrior
 14337 | D:13     | Reached skill level 1 in Axes
 14447 | D:13     | Noticed a centaur warrior
 14459 | D:13     | Killed a centaur warrior
 14541 | D:13     | Noticed an eight-headed hydra
 14557 | D:13     | Killed a three-headed hydra
 14557 | D:13     | Gained mutation: You are completely covered in yellow
                  | scales. (AC +4, rCorr) [demonic ancestry]
 14557 | D:13     | Reached XP level 12. HP: 24/100 MP: 12/12
 14565 | D:13     | Mangled by a komodo dragon

Illustrated notes

Levels and vault maps discovered:
D:1:      lemuel_arrival_tunnels, layout_basic
D:2:      layout_loops_ring, trog_book
D:3:      layout_rooms, grunt_temple_overflow_holy_war
D:4:      layout_basic, led_sif_book, old_standard_altar, minitemple,
          serial_shops, shop, minmay_shop_grid_forest, uniq_ijyb
D:5:      minmay_spotlight, layout_cave_pools, lemuel_round_altar,
          grunt_temple_overflow_open, kennysheep_little_box,
          nicolae_ossuary_entry_false_entrances, st_stairs_1,
          minmay_misc_feat_room, roderic_lattice_a, roderic_batcave,
          minmay_misc_feat_tiny, tso_metal_star
D:6:      layout_basic, lemuel_zombie_altar_kikubaaqudgha
D:7:      layout_loops_ring, minmay_temple_entry_statues_fountains,
          serial_shops, shop_fountains, gammafunk_ghost_berserking_beasts,
          uniq_joseph, uniq_pikel
D:8:      layout_cave_pools, uniq_psyche
D:9:      lemuel_upstairs_altar, layout_basic,
          nemelex_xobeh_ov_fountains_minmay, okawaru_humans, orc_0_dummy,
          serial_shops, shop
D:10:     layout_loops_cross
D:11:     layout_grid_maze, lair_entry_dummy, uniq_erica, uniq_harold
D:12:     layout_big_octagon, gauntlet_entry_generic, serial_shops,
          kennysheep_mini, shop
D:13:     layout_loops_ring, skrybe_vaults_entry_preservation, serial_ice,
          serial_ice_h, serial_ice_d, serial_ice_o, serial_ice_g,
          minmay_misc_feat_iff, kennysheep_small_circle
Temple:   jpeg_temple_island

Skill      XL: |  1  2  3  4  5  6  7  8  9 10 11 |
---------------+----------------------------------+-----
Armour         | 2 3 4 5 6 7 9 10 | 10.6
Dodging        | 2 3 4 6 7 9 10 | 10.1
Fighting       | 4 5 6 7 9 10 11 | 11.3
Axes           | 2 |  2.4
Shields        | 2 |  2.8
Staves         | |  1.0
Stealth        | |  1.0
Evocations     | |  1.0

Action                   |  1- 3 |  4- 6 |  7- 9 | 10-12 || total
-------------------------+-------+-------+-------+-------++-------
Melee: Quarterstaff      |   102 |   120 |   334 |   377 ||   933
       Headbutt          |     9 |    15 |    74 |   144 ||   242
       Dagger            |       |       |   122 |   233 ||   355
       Broad axe         |       |       |       |    55 ||    55
       Scimitar          |       |       |       |    13 ||    13
Throw: Dart              |       |    35 |     3 |    18 ||    56
       Boomerang         |       |       |    31 |    17 ||    48
 Abil: Evoke Flight      |       |     1 |       |       ||     1
Evoke: Wand              |       |     8 |       |       ||     8
  Use: Scroll            |     3 |     5 |    16 |     9 ||    33
       Potion            |       |       |     7 |     8 ||    15
 Stab: Sleeping          |       |       |     6 |       ||     6
       Distracted        |       |       |     2 |     2 ||     4
       Invisible         |       |       |     1 |       ||     1
Armor: Ring mail         |    48 |    51 |   234 |       ||   333
       Chain mail        |       |       |    18 |   461 ||   479
       Skin              |       |       |       |    84 ||    84
Dodge: Dodged            |    65 |    77 |   436 |   431 ||  1009
Block: Buckler           |       |       |       |    15 ||    15
       Rpst.: Scimitar   |       |       |       |     1 ||     1

Table legend: (Time is in decaauts)
 A = Elapsed time spent in this place.
 B = Non-inter-level travel time spent in this place.
 C = Inter-level travel time spent in this place.
 D = Time resting spent in this place.
 E = Time spent auto-exploring this place.
 F = Levels seen in this place.
 G = Mean time per level.
                   A        B        C        D        E       F      G
               +--------+--------+--------+--------+--------+-----+--------+
         Total |  14848 |  14203 |    645 |   4158 |   5924 |  15 |  989.9 |
       Dungeon |  14389 |  13744 |    645 |   4008 |   5806 |  13 | 1106.8 |
        Temple |     52 |     52 |      0 |      0 |     29 |   1 |   52.0 |
       Ossuary |    406 |    406 |      0 |    150 |     89 |   1 |  406.0 |
               +--------+--------+--------+--------+--------+-----+--------+

Top non-repeatable levels by time:
     D:9: 2378 daAuts
    D:11: 1719 daAuts
     D:5: 1547 daAuts
     D:6: 1444 daAuts
    D:10: 1437 daAuts
     D:4: 1164 daAuts
     D:2: 959 daAuts
     D:7: 889 daAuts
    D:13: 881 daAuts
     D:3: 808 daAuts
     D:8: 566 daAuts
     D:1: 498 daAuts
 Ossuary: 406 daAuts
    D:12: 93 daAuts
  Temple: 52 daAuts
